TOP OF THE 1ST |
Vancouver Vipers batting - Pitching for Houston Hammertime : LHP Martín Reyes
|
Pitching: LHP Martín Reyes
|
|
Batting: LHB Marcos Cantú
|
0-0: Ball 1-0: Called Strike 1-1: Fly out, F8 (Flyball, 78XD)
|
Batting: RHB Kel Pierce
|
0-0: Called Strike 0-1: SINGLE (Flyball, 78S)
|
Batting: RHB Dan Tyler
|
0-0: Called Strike 0-1: SINGLE (Line Drive, 4MD) Kel Pierce to second
|
Batting: RHB Howard Lane
|
0-0: Ball 1-0: Ball 2-0: Fly out, F8 (Flyball, 8RM)
|
Batting: RHB Xavier Feliciano
|
0-0: Ball 1-0: Called Strike 1-1: Ball 2-1: Called Strike 2-2: Ball 3-2: Foul Ball, location: 2F 3-2: Foul Ball, location: 2F 3-2: Foul Ball, location: 2F 3-2: Base on Balls Kel Pierce to third Dan Tyler to second
|
Batting: LHB Mike Williams
|
0-0: Called Strike 0-1: Ball 1-1: Ball 2-1: Swinging Strike 2-2: Strikes out looking
|
Top of the 1st over - 0 run(s), 2 hit(s), 0 error(s), 3 left on base; Vancouver 0 - Houston 0 |
BOTTOM OF THE 1ST |
Houston Hammertime batting - Pitching for Vancouver Vipers : LHP Ben Moody
|
Pitching: LHP Ben Moody
|
|
Batting: LHB Felipe Cruz
|
0-0: Swinging Strike 0-1: Foul Ball, location: 2F 0-2: Foul Ball, location: 2F 0-2: Foul Ball, location: 2F 0-2: Strikes out swinging
|
Batting: LHB Jerry Ritchie
|
0-0: Foul Ball, location: 2F 0-1: Ball 1-1: DOUBLE (Line Drive, 89M)
|
Batting: RHB Buck Jones
|
0-0: Ball 1-0: Called Strike 1-1: Ground out 4-3 (Groundball, 4) Jerry Ritchie to third
|
Batting: RHB Gerald Burnett
|
0-0: Fly out, F9 (Flyball, 9M)
|
Bottom of the 1st over - 0 run(s), 1 hit(s), 0 error(s), 1 left on base; Vancouver 0 - Houston 0 |
TOP OF THE 2ND |
Vancouver Vipers batting - Pitching for Houston Hammertime : LHP Martín Reyes
|
Batting: RHB Lorenzo González
|
0-0: SINGLE (Flyball, 7LS)
|
Batting: RHB Tomás Estrada
|
0-0: Swinging Strike 0-1: Ball 1-1: Foul Ball, location: 2F 1-2: Ball 2-2: Foul Ball, location: 2F 2-2: Foul Ball, location: 2F 2-2: Ball 3-2: Foul Ball, location: 2F 3-2: Base on Balls Lorenzo González to second
|
Batting: SHB Richard Bowman
|
0-0: Ball 1-0: Ball 2-0: SINGLE (Line Drive, 8LS) Lorenzo González to third Tomás Estrada to second Runner from 3rd tries for Home, SAFE, no throw or cutoff
|
Batting: LHB Marcos Cantú
|
0-0: Ball 1-0: Fly out, F8 (Flyball, 8LD) Runner from 2nd tags up, SAFE at 3rd, no throw
|
Batting: RHB Kel Pierce
|
0-0: Ball 1-0: Foul Ball, location: 2F 1-1: Ball 2-1: Foul Ball, location: 2F 2-2: Fielders Choice at 2nd, 6-4 (Groundball, 6M) Tomás Estrada scores
|
Batting: RHB Dan Tyler
|
0-0: Ball Kel Pierce steals 2nd base 1-0: DOUBLE (Line Drive, 7D) Kel Pierce scores
|
Batting: RHB Howard Lane
|
0-0: Foul Ball, location: 2F 0-1: SINGLE (Line Drive, 7LM) Dan Tyler to third Runner from 3rd tries for Home, SAFE, no throw or cutoff
|
Batting: RHB Xavier Feliciano
|
0-0: Ball 1-0: Fielders Choice at 2nd, U6 (Groundball, 6M)
|
Top of the 2nd over - 4 run(s), 4 hit(s), 0 error(s), 1 left on base; Vancouver 4 - Houston 0 |
BOTTOM OF THE 2ND |
Houston Hammertime batting - Pitching for Vancouver Vipers : LHP Ben Moody
|
Batting: RHB Santo Cruz
|
0-0: SINGLE (Groundball, 5D)
|
Batting: RHB Moo-hyun Pak
|
0-0: DOUBLE (Flyball, 7LD) Santo Cruz to third
|
Batting: RHB Pedro Meza
|
0-0: Called Strike 0-1: Ball 1-1: Ball 2-1: Called Strike 2-2: Strikes out swinging
|
Batting: RHB Mario Beltrán
|
0-0: Ball 1-0: Ball 2-0: DOUBLE (Line Drive, 7D) Santo Cruz scores Moo-hyun Pak scores
|
Batting: LHB Fernando Camacho
|
0-0: Swinging Strike 0-1: Ball 1-1: Foul Ball, location: 2F 1-2: Ball 2-2: DOUBLE (Flyball, 78XD) Mario Beltrán scores
|
Batting: LHB Felipe Cruz
|
0-0: Foul Ball, location: 2F 0-1: Foul Ball, location: 2F 0-2: Strikes out swinging
|
Batting: LHB Jerry Ritchie
|
0-0: Ball 1-0: Swinging Strike 1-1: Foul Ball, location: 2F 1-2: Strikes out looking
|
Bottom of the 2nd over - 3 run(s), 4 hit(s), 0 error(s), 1 left on base; Vancouver 4 - Houston 3 |
TOP OF THE 3RD |
Vancouver Vipers batting - Pitching for Houston Hammertime : LHP Martín Reyes
|
Batting: LHB Mike Williams
|
0-0: Called Strike 0-1: Foul Ball, location: 2F 0-2: Ground out 4-3 (Groundball, 4)
|
Batting: RHB Lorenzo González
|
0-0: DOUBLE (Groundball, 3L)
|
Batting: RHB Tomás Estrada
|
0-0: Foul Ball, location: 2F 0-1: Foul Ball, location: 2F 0-2: Ball 1-2: Ball 2-2: Fly out, F9 (Flyball, 89S)
|
Batting: SHB Richard Bowman
|
0-0: Ball 1-0: Fly out, F8 (Flyball, 78D)
|
Top of the 3rd over - 0 run(s), 1 hit(s), 0 error(s), 1 left on base; Vancouver 4 - Houston 3 |
BOTTOM OF THE 3RD |
Houston Hammertime batting - Pitching for Vancouver Vipers : LHP Ben Moody
|
Batting: RHB Buck Jones
|
0-0: Ball 1-0: Swinging Strike 1-1: Called Strike 1-2: Strikes out swinging
|
Batting: RHB Gerald Burnett
|
0-0: Swinging Strike 0-1: SINGLE (Line Drive, 89S)
|
Batting: RHB Santo Cruz
|
0-0: Ball 1-0: SINGLE (Groundball, 34D) Gerald Burnett to second Runner from 2nd tries for 3rd, SAFE, throw made to third
|
Batting: RHB Moo-hyun Pak
|
0-0: Ball Santo Cruz is caught stealing 2nd base 1-0: Ball 2-0: Foul Ball, location: 2F 2-1: SINGLE (Groundball, 5S) Gerald Burnett scores
|
Batting: RHB Pedro Meza
|
0-0: Called Strike 0-1: Ball 1-1: SINGLE (Flyball, 4MD) Moo-hyun Pak to second Runner from 2nd tries for 3rd, OUT!
|
Bottom of the 3rd over - 1 run(s), 4 hit(s), 0 error(s), 1 left on base; Vancouver 4 - Houston 4 |
TOP OF THE 4TH |
Vancouver Vipers batting - Pitching for Houston Hammertime : LHP Martín Reyes
|
Batting: LHB Marcos Cantú
|
0-0: Swinging Strike 0-1: Swinging Strike 0-2: Ball 1-2: Ball 2-2: Ball 3-2: Strikes out swinging
|
Batting: RHB Kel Pierce
|
0-0: Ball 1-0: Ball 2-0: Called Strike 2-1: Ball 3-1: Base on Balls
|
Batting: RHB Dan Tyler
|
0-0: Ball 1-0: Ball 2-0: Ball 3-0: Foul Ball, location: 2F 3-1: Base on Balls Kel Pierce to second
|
Batting: RHB Howard Lane
|
0-0: Ball Kel Pierce steals 3rd base Dan Tyler to second 1-0: Ball 2-0: Foul Ball, location: 2F 2-1: Swinging Strike 2-2: Ground out 3-1 (Groundball, 34S) Kel Pierce scores Dan Tyler to third
|
Batting: RHB Xavier Feliciano
|
0-0: Called Strike 0-1: Swinging Strike 0-2: Ball 1-2: Ball 2-2: Ball 3-2: Base on Balls
|
Batting: LHB Mike Williams
|
0-0: Called Strike 0-1: Foul Ball, location: 2F 0-2: Foul Ball, location: 2F 0-2: Strikes out swinging
|
Top of the 4th over - 1 run(s), 0 hit(s), 0 error(s), 2 left on base; Vancouver 5 - Houston 4 |
BOTTOM OF THE 4TH |
Houston Hammertime batting - Pitching for Vancouver Vipers : LHP Ben Moody
|
Batting: RHB Mario Beltrán
|
0-0: Swinging Strike 0-1: Ball 1-1: Foul Ball, location: 2F 1-2: Foul Ball, location: 2F 1-2: Ball 2-2: Ball 3-2: Base on Balls
|
Batting: LHB Fernando Camacho
|
0-0: Ball 1-0: Foul Ball, location: 2F 1-1: Ground out U3 (Groundball, 3S) Mario Beltrán to second
|
Batting: LHB Felipe Cruz
|
0-0: Swinging Strike 0-1: Ball 1-1: Swinging Strike 1-2: Foul Ball, location: 2F 1-2: Foul Ball, location: 2F 1-2: Strikes out swinging
|
Batting: LHB Jerry Ritchie
|
0-0: Called Strike 0-1: Called Strike 0-2: Foul Ball, location: 2F 0-2: Ball 1-2: SINGLE (Groundball, 34D) Mario Beltrán to third Runner from 3rd tries for Home, SAFE, no throw or cutoff
|
Batting: RHB Buck Jones
|
0-0: Ball 1-0: Ball 2-0: Called Strike 2-1: Called Strike 2-2: Foul Ball, location: 2F 2-2: Ground out 4-3 (Groundball, 4)
|
Bottom of the 4th over - 1 run(s), 1 hit(s), 0 error(s), 1 left on base; Vancouver 5 - Houston 5 |
TOP OF THE 5TH |
Vancouver Vipers batting - Pitching for Houston Hammertime : LHP Martín Reyes
|
Batting: RHB Lorenzo González
|
0-0: SOLO HOME RUN (Flyball, 7D), Distance : 350 ft
|
Pitching: RHP Júlio Martínez
|
|
Batting: RHB Tomás Estrada
|
0-0: Ball 1-0: Fly out, F8 (Flyball, 8RD)
|
Batting: SHB Richard Bowman
|
0-0: Called Strike 0-1: Ground out 1-3 (Groundball, 23)
|
Batting: LHB Marcos Cantú
|
0-0: Called Strike 0-1: Ball 1-1: Foul Ball, location: 2F 1-2: Foul Ball, location: 2F 1-2: Strikes out swinging
|
Top of the 5th over - 1 run(s), 1 hit(s), 0 error(s), 0 left on base; Vancouver 6 - Houston 5 |
BOTTOM OF THE 5TH |
Houston Hammertime batting - Pitching for Vancouver Vipers : LHP Ben Moody
|
Batting: RHB Gerald Burnett
|
0-0: Ball 1-0: SINGLE (Line Drive, 56D)
|
Batting: RHB Santo Cruz
|
0-0: Foul Ball, location: 2F 0-1: Called Strike 0-2: Ball 1-2: Foul Ball, location: 2F 1-2: Ball 2-2: Foul Ball, location: 2F 2-2: Grounds into double play, 5-4-3 (Groundball, 5L)
|
Batting: RHB Moo-hyun Pak
|
0-0: Called Strike 0-1: Ball 1-1: Foul Ball, location: 2F 1-2: SINGLE (Groundball, 34D)
|
Batting: RHB Pedro Meza
|
0-0: Fly out, F7 (Flyball, 78M)
|
Bottom of the 5th over - 0 run(s), 2 hit(s), 0 error(s), 1 left on base; Vancouver 6 - Houston 5 |
TOP OF THE 6TH |
Vancouver Vipers batting - Pitching for Houston Hammertime : RHP Júlio Martínez
|
Batting: RHB Kel Pierce
|
0-0: Ground out 4-3 (Groundball, 13)
|
Batting: RHB Dan Tyler
|
0-0: Called Strike 0-1: Foul Ball, location: 2F 0-2: Ball 1-2: Strikes out swinging
|
Batting: RHB Howard Lane
|
0-0: Ball 1-0: Foul Ball, location: 2F 1-1: Foul Ball, location: 2F 1-2: Ball 2-2: SOLO HOME RUN (Flyball, 9D), Distance : 345 ft
|
Batting: RHB Xavier Feliciano
|
0-0: Ball 1-0: Foul Ball, location: 2F 1-1: Foul Ball, location: 2F 1-2: Fly out, F8 (Flyball, 8RD)
|
Top of the 6th over - 1 run(s), 1 hit(s), 0 error(s), 0 left on base; Vancouver 7 - Houston 5 |
BOTTOM OF THE 6TH |
Houston Hammertime batting - Pitching for Vancouver Vipers : LHP Ben Moody
|
Batting: RHB Mario Beltrán
|
0-0: Called Strike 0-1: Foul Ball, location: 2F 0-2: Ball 1-2: Strikes out swinging
|
Batting: LHB Fernando Camacho
|
0-0: Called Strike 0-1: Ball 1-1: Foul Ball, location: 2F 1-2: SINGLE (Groundball, 34D)
|
Batting: LHB Felipe Cruz
|
0-0: Ball 1-0: Swinging Strike 1-1: Called Strike 1-2: Ball 2-2: Strikes out swinging
|
Pitching: LHP Kai-ge Hui
|
|
Batting: LHB Jerry Ritchie
|
0-0: Called Strike 0-1: Ball 1-1: Ball 2-1: Fielders Choice at 2nd, 5-4 (Groundball, 56)
|
Bottom of the 6th over - 0 run(s), 1 hit(s), 0 error(s), 0 left on base; Vancouver 7 - Houston 5 |
TOP OF THE 7TH |
Vancouver Vipers batting - Pitching for Houston Hammertime : RHP Júlio Martínez
|
Pitching: RHP Ramiro Rivera
|
|
Batting: LHB Mike Williams
|
0-0: Swinging Strike 0-1: SINGLE (Line Drive, 56)
|
Batting: RHB Lorenzo González
|
0-0: Sac Bunt - play at first, batter OUT! 5-3 Mike Williams to second
|
Batting: RHB Tomás Estrada
|
0-0: Called Strike 0-1: DOUBLE (Line Drive, 5L) Mike Williams scores
|
Batting: SHB Richard Bowman
|
0-0: Called Strike 0-1: Ball Tomás Estrada is caught stealing 3rd base 1-1: Ground out 3-5 (Groundball, 3L)
|
Top of the 7th over - 1 run(s), 2 hit(s), 0 error(s), 0 left on base; Vancouver 8 - Houston 5 |
BOTTOM OF THE 7TH |
Houston Hammertime batting - Pitching for Vancouver Vipers : RHP José González
|
Pitching: RHP José González
|
|
Batting: RHB Buck Jones
|
0-0: Ball 1-0: Called Strike 1-1: Swinging Strike 1-2: Ball 2-2: DOUBLE (Line Drive, 7LM)
|
Batting: RHB Gerald Burnett
|
0-0: Swinging Strike 0-1: Foul Ball, location: 2F 0-2: Foul Ball, location: 2F 0-2: Ball 1-2: Ball 2-2: Strikes out looking
|
Batting: RHB Santo Cruz
|
0-0: Called Strike Buck Jones steals 3rd base 0-1: Ball 1-1: Ball 2-1: SINGLE (Groundball, 6MD) Buck Jones scores
|
Batting: RHB Moo-hyun Pak
|
0-0: Ball 1-0: Called Strike 1-1: Ball 2-1: Swinging Strike 2-2: Ball 3-2: Foul Ball, location: 2F 3-2: Strikes out swinging
|
Batting: RHB Pedro Meza
|
0-0: Ball 1-0: SINGLE (Groundball, 34D) Santo Cruz to second Runner from 2nd tries for 3rd, SAFE, throw made to third
|
Batting: RHB Mario Beltrán
|
0-0: Ball 1-0: Fly out, F9 (Flyball, 9M)
|
Bottom of the 7th over - 1 run(s), 3 hit(s), 0 error(s), 2 left on base; Vancouver 8 - Houston 6 |
TOP OF THE 8TH |
Vancouver Vipers batting - Pitching for Houston Hammertime : RHP Ramiro Rivera
|
Batting: LHB Marcos Cantú
|
0-0: Swinging Strike 0-1: Ball 1-1: Called Strike 1-2: Fly out, F4 (Line Drive, 4)
|
Batting: RHB Kel Pierce
|
0-0: Foul Ball, location: 2F 0-1: Ball 1-1: Swinging Strike 1-2: Strikes out swinging
|
Batting: RHB Dan Tyler
|
0-0: Ball 1-0: Called Strike 1-1: SINGLE (Groundball, 56D)
|
Batting: RHB Howard Lane
|
0-0: Called Strike 0-1: Called Strike 0-2: Ball 1-2: Ball 2-2: Foul Ball, location: 2F 2-2: SINGLE (Line Drive, 89S) Dan Tyler to second Runner from 2nd tries for 3rd, SAFE, no throw or cutoff
|
Batting: RHB Xavier Feliciano
|
0-0: Ball 1-0: Foul Ball, location: 2F 1-1: Foul Ball, location: 2F 1-2: Strikes out swinging
|
Top of the 8th over - 0 run(s), 2 hit(s), 0 error(s), 2 left on base; Vancouver 8 - Houston 6 |
BOTTOM OF THE 8TH |
Houston Hammertime batting - Pitching for Vancouver Vipers : RHP José González
|
Batting: LHB Fernando Camacho
|
0-0: Called Strike 0-1: Fly out, F7 (Flyball, 78D)
|
Batting: LHB Felipe Cruz
|
0-0: Foul Ball, location: 2F 0-1: Ball 1-1: Called Strike 1-2: Strikes out swinging
|
Batting: LHB Jerry Ritchie
|
0-0: Called Strike 0-1: Ball 1-1: DOUBLE (Line Drive, 5)
|
Batting: RHB Buck Jones
|
0-0: SINGLE (Groundball, 6MD) Jerry Ritchie to third Runner from 3rd tries for Home, SAFE, no throw or cutoff
|
Batting: RHB Gerald Burnett
|
0-0: Ball 1-0: Called Strike 1-1: Foul Ball, location: 2F 1-2: Foul Ball, location: 2F 1-2: 2-RUN HOME RUN (Line Drive, 78XD), Distance : 385 ft
|
Batting: RHB Santo Cruz
|
0-0: Ball 1-0: Ball 2-0: Foul Ball, location: 2F 2-1: Ball 3-1: Foul Ball, location: 2F 3-2: SOLO HOME RUN (Line Drive, 7D), Distance : 344 ft
|
Pitching: LHP Malcolm Moore
|
|
Batting: RHB Moo-hyun Pak
|
0-0: Called Strike 0-1: Called Strike 0-2: Ball 1-2: Ball 2-2: Ball 3-2: Base on Balls
|
Batting: RHB Pedro Meza
|
0-0: Ball 1-0: Ball 2-0: Foul Ball, location: 2F 2-1: Foul Ball, location: 2F 2-2: Foul Ball, location: 2F 2-2: SINGLE (Flyball, 78S) Moo-hyun Pak to second
|
Batting: RHB Mario Beltrán
|
0-0: Ball 1-0: Called Strike 1-1: Foul Ball, location: 2F 1-2: Foul Ball, location: 2F 1-2: Foul Ball, location: 2F 1-2: Strikes out looking
|
Bottom of the 8th over - 4 run(s), 5 hit(s), 0 error(s), 2 left on base; Vancouver 8 - Houston 10 |
TOP OF THE 9TH |
Vancouver Vipers batting - Pitching for Houston Hammertime : RHP Ramiro Rivera
|
Pitching: RHP António Mata
|
|
Batting: LHB Mike Williams
|
0-0: Ball 1-0: Called Strike 1-1: Called Strike 1-2: Strikes out looking
|
Batting: RHB Lorenzo González
|
0-0: Called Strike 0-1: Ball 1-1: Ball 2-1: Ground out 5-3 (Groundball, 5)
|
Batting: RHB Tomás Estrada
|
0-0: Called Strike 0-1: SINGLE (Flyball, 9LS)
|
Pinch Hitting: LHB Ray Spencer
|
0-0: Ball 1-0: Ball 2-0: Ground out U3 (Groundball, 3L)
|
Top of the 9th over - 0 run(s), 1 hit(s), 0 error(s), 1 left on base; Vancouver 8 - Houston 10 |
|